 Dungeon Crawl Stone Soup version 0.26-a0-606-g3c8f2f65f7 (webtiles) character file.

Game seed: 5127720434559321599

0 Gargoyl the Skirmisher (level 1, -1/23 HPs)
             Began as a Gnoll Abyssal Knight on Sept 2, 2020.
             Was a Follower of Lugonu.
             Slain by an ufetubus (4 damage)
             ... on level 1 of the Abyss.
             The game lasted 00:01:06 (150 turns).

Gargoyl the Skirmisher (Gnoll Abyssal Knight)        Turns: 150, Time: 00:01:06

Health: -1/23      AC:  3    Str: 14      XL:     1   Next: 0%
Magic:  3/3        EV: 12    Int: 13 (14) God:    Lugonu [*.....]
Gold:   0          SH:  0    Dex: 14      Spells: 0/0 levels left

rFire    . . .     SeeInvis .   a - +1 hand axe
rCold    . . .     Faith    .   (no shield)
rNeg     . . .     Spirit   .   b - +0 leather armour
rPois    .         Reflect  .   (no helmet)
rElec    .         Harm     .   (no cloak)
rCorr    .                      (no gloves)
MR       .....                  (no boots)
Stlth    +.........             (no amulet)
HPRegen  0.07/turn              (no ring)
MPRegen  0.08/turn              (no ring)

@: no status effects
A: distributed training, fangs 1, strong nose
a: Depart the Abyss, Renounce Religion


You were on level 1 of the Abyss.
You worshipped Lugonu.
Lugonu was aware of your devotion.
You visited 0 branches of the dungeon, and saw 0 of its levels.
You visited the Abyss 1 time.

Inventory:

Hand Weapons
 a - a +1 hand axe (weapon)
Armour
 b - a +0 leather armour (worn)
Scrolls
 c - a scroll of amnesia {unknown}


   Skills:
 + Level 6.4 Fighting
 + Level 0.0 Short Blades
 + Level 0.0 Long Blades
 + Level 4.4 Axes
 + Level 0.0 Maces & Flails
 + Level 0.0 Polearms
 + Level 0.0 Staves
 + Level 0.0 Slings
 + Level 0.0 Bows
 + Level 0.0 Crossbows
 + Level 0.0 Throwing
 + Level 4.4 Armour
 + Level 2.3 Dodging
 + Level 0.0 Stealth
 + Level 0.0 Shields
 + Level 0.0 Unarmed Combat
 + Level 0.0 Spellcasting
 + Level 0.0 Conjurations
 + Level 0.0 Hexes
 + Level 0.0 Summonings
 + Level 0.0 Necromancy
 + Level 0.0 Translocations
 + Level 0.0 Transmutations
 + Level 0.0 Fire Magic
 + Level 0.0 Ice Magic
 + Level 0.0 Air Magic
 + Level 0.0 Earth Magic
 + Level 0.0 Poison Magic
 + Level 4.4 Invocations
 + Level 0.0 Evocations


You couldn't memorise any spells.
You didn't know any spells.
Your spell library was empty.

Dungeon Overview and Level Annotations

Branches:
Dungeon (0/15)

Altars:


Innate Abilities, Weirdness & Mutations

Your experience applies equally to all skills.
You have very sharp teeth.
Your uncanny sense of smell can sniff out nearby items.


Message History

The starspawn tentacle grabs you. The starspawn tentacle constricts you.
You miss the ufetubus.
You hit the starspawn tentacle but do no damage.
The ufetubus barely misses you.
The ufetubus hits you but does no damage.
The starspawn tentacle loses its grip on you.
The tentacle pulls you backwards!
A tentacle flies out from the starspawn's body!
The starspawn tentacle grabs you. The starspawn tentacle constricts you.
A starspawn tentacle comes into view.
The starspawn tentacle's grasp on you weakens, but your attempt to escape fails.
The ufetubus hits you. x2
* * * LOW HITPOINT WARNING * * *
The starspawn tentacle loses its grip on you.
The tentacle pulls you backwards! The starspawn tentacle grabs you.
* * * LOW HITPOINT WARNING * * *
The starspawn tentacle constricts you.
You escape the starspawn tentacle's grasp.
The ufetubus misses you. The ufetubus hits you.
You die...

##...###...###E . #
.#.....#.....#.. X.#
........ ....E.─X...
#..../#.....# .. . #../
#...# #...## # ##/##
##.# ##.## ...
##/..###...## .X.
.....#w.w─.#/....# ..
.......@5.X─.X..........
#....#.....#.....#... .#
#... ##...###...###...
## ##!## #.## #.# #...
... .. #..... ...#
......[ ..... ..#.....#
.#. .###


You could see a tentacled starspawn, a large abomination, 2 starspawn tentacles
and an ufetubus.

Vanquished Creatures (others)
  3 starspawn tentacles (Abyss:1)
3 creatures vanquished.

Notes
Turn   | Place    | Note
-------+----------+-------------------------------------------
     0 | Abyss:1  | Gargoyl the Gnoll Abyssal Knight began the quest for the
                  | Orb.
     0 | Abyss:1  | Reached XP level 1. HP: 23/23 MP: 3/3
    48 | Abyss:1  | Noticed a hellwing
    61 | Abyss:1  | Noticed a neqoxec
    78 | Abyss:1  | Noticed a large abomination
   108 | Abyss:1  | Noticed an iron imp
   110 | Abyss:1  | Noticed an earth elemental
   119 | Abyss:1  | Noticed an iron imp
   122 | Abyss:1  | Noticed a snapping turtle zombie
   135 | Abyss:1  | Noticed a tentacled starspawn
   138 | Abyss:1  | Noticed a large abomination
   150 | Abyss:1  | Slain by an ufetubus

Illustrated notes

Levels and vault maps discovered:
Abyss:1:  minivault_26, minivault_26, guppyfry_abyss_exit_imp_island

Action                   || total
-------------------------++-------
Melee: Hand axe          ||     3
  Use: Potion            ||     1
Armor: Leather armour    ||     1
Dodge: Dodged            ||    11

Table legend: (Time is in decaauts)
 A = Elapsed time spent in this place.
 B = Non-inter-level travel time spent in this place.
 C = Inter-level travel time spent in this place.
 D = Time resting spent in this place.
 E = Time spent auto-exploring this place.
 F = Levels seen in this place.
 G = Mean time per level.
                   A        B        C        D        E       F      G
               +--------+--------+--------+--------+--------+-----+--------+
         Total |    131 |    131 |      0 |      0 |     39 |   1 |  131.0 |
         Abyss |    131 |    131 |      0 |      0 |     39 |   1 |  131.0 |
               +--------+--------+--------+--------+--------+-----+--------+

Top non-repeatable levels by time:
 Abyss:1: 131 daAuts
